%YAML 1.1
%TAG !u! tag:unity3d.com,2011:
--- !u!1 &7207681053930310278
GameObject:
  m_ObjectHideFlags: 0
  m_CorrespondingSourceObject: {fileID: 0}
  m_PrefabInstance: {fileID: 0}
  m_PrefabAsset: {fileID: 0}
  serializedVersion: 6
  m_Component:
  - component: {fileID: 7166933438598901982}
  m_Layer: 0
  m_Name: Base Militar
  m_TagString: Untagged
  m_Icon: {fileID: 0}
  m_NavMeshLayer: 0
  m_StaticEditorFlags: 0
  m_IsActive: 1
--- !u!4 &7166933438598901982
Transform:
  m_ObjectHideFlags: 0
  m_CorrespondingSourceObject: {fileID: 0}
  m_PrefabInstance: {fileID: 0}
  m_PrefabAsset: {fileID: 0}
  m_GameObject: {fileID: 7207681053930310278}
  serializedVersion: 2
  m_LocalRotation: {x: 0, y: 0, z: 0, w: 1}
  m_LocalPosition: {x: 0, y: 0, z: 0}
  m_LocalScale: {x: 1, y: 1, z: 1}
  m_ConstrainProportionsScale: 0
  m_Children:
  - {fileID: 1898449599274912432}
  - {fileID: 6914874589601131872}
  - {fileID: 2604200285291350410}
  m_Father: {fileID: 0}
  m_LocalEulerAnglesHint: {x: 0, y: 0, z: 0}
--- !u!1001 &1898449599274943710
PrefabInstance:
  m_ObjectHideFlags: 0
  serializedVersion: 2
  m_Modification:
    serializedVersion: 3
    m_TransformParent: {fileID: 7166933438598901982}
    m_Modifications:
    - target: {fileID: 495214, guid: c5eecfcfa4f017648b3c8d62a4286b46, type: 3}
      propertyPath: m_RootOrder
      value: 4469
      objectReference: {fileID: 0}
    - target: {fileID: 495214, guid: c5eecfcfa4f017648b3c8d62a4286b46, type: 3}
      propertyPath: m_LocalPosition.x
      value: 558
      objectReference: {fileID: 0}
    - target: {fileID: 495214, guid: c5eecfcfa4f017648b3c8d62a4286b46, type: 3}
      propertyPath: m_LocalPosition.y
      value: 17.5
      objectReference: {fileID: 0}
    - target: {fileID: 495214, guid: c5eecfcfa4f017648b3c8d62a4286b46, type: 3}
      propertyPath: m_LocalPosition.z
      value: 176
      objectReference: {fileID: 0}
    - target: {fileID: 495214, guid: c5eecfcfa4f017648b3c8d62a4286b46, type: 3}
      propertyPath: m_LocalRotation.w
      value: 1
      objectReference: {fileID: 0}
    - target: {fileID: 495214, guid: c5eecfcfa4f017648b3c8d62a4286b46, type: 3}
      propertyPath: m_LocalRotation.x
      value: 0.000000021855694
      objectReference: {fileID: 0}
    - target: {fileID: 495214, guid: c5eecfcfa4f017648b3c8d62a4286b46, type: 3}
      propertyPath: m_LocalRotation.y
      value: -0
      objectReference: {fileID: 0}
    - target: {fileID: 495214, guid: c5eecfcfa4f017648b3c8d62a4286b46, type: 3}
      propertyPath: m_LocalRotation.z
      value: -0
      objectReference: {fileID: 0}
    - target: {fileID: 2371610, guid: c5eecfcfa4f017648b3c8d62a4286b46, type: 3}
      propertyPath: m_Materials.Array.data[0]
      value: 
      objectReference: {fileID: 2100000, guid: 0491e1d077b3ca643a27b77d56cc03b3, type: 2}
    m_RemovedComponents: []
    m_RemovedGameObjects: []
    m_AddedGameObjects: []
    m_AddedComponents: []
  m_SourcePrefab: {fileID: 100100000, guid: c5eecfcfa4f017648b3c8d62a4286b46, type: 3}
--- !u!4 &1898449599274912432 stripped
Transform:
  m_CorrespondingSourceObject: {fileID: 495214, guid: c5eecfcfa4f017648b3c8d62a4286b46, type: 3}
  m_PrefabInstance: {fileID: 1898449599274943710}
  m_PrefabAsset: {fileID: 0}
--- !u!1001 &2604200285291542770
PrefabInstance:
  m_ObjectHideFlags: 0
  serializedVersion: 2
  m_Modification:
    serializedVersion: 3
    m_TransformParent: {fileID: 7166933438598901982}
    m_Modifications:
    - target: {fileID: 455032, guid: 34479af8d2d94b4409152dbf18a964ea, type: 3}
      propertyPath: m_RootOrder
      value: 4603
      objectReference: {fileID: 0}
    - target: {fileID: 455032, guid: 34479af8d2d94b4409152dbf18a964ea, type: 3}
      propertyPath: m_LocalPosition.x
      value: 558
      objectReference: {fileID: 0}
    - target: {fileID: 455032, guid: 34479af8d2d94b4409152dbf18a964ea, type: 3}
      propertyPath: m_LocalPosition.y
      value: 17.5
      objectReference: {fileID: 0}
    - target: {fileID: 455032, guid: 34479af8d2d94b4409152dbf18a964ea, type: 3}
      propertyPath: m_LocalPosition.z
      value: 192
      objectReference: {fileID: 0}
    - target: {fileID: 455032, guid: 34479af8d2d94b4409152dbf18a964ea, type: 3}
      propertyPath: m_LocalRotation.w
      value: 1
      objectReference: {fileID: 0}
    - target: {fileID: 455032, guid: 34479af8d2d94b4409152dbf18a964ea, type: 3}
      propertyPath: m_LocalRotation.x
      value: 0.000000021855694
      objectReference: {fileID: 0}
    - target: {fileID: 455032, guid: 34479af8d2d94b4409152dbf18a964ea, type: 3}
      propertyPath: m_LocalRotation.y
      value: -0
      objectReference: {fileID: 0}
    - target: {fileID: 455032, guid: 34479af8d2d94b4409152dbf18a964ea, type: 3}
      propertyPath: m_LocalRotation.z
      value: -0
      objectReference: {fileID: 0}
    - target: {fileID: 2381212, guid: 34479af8d2d94b4409152dbf18a964ea, type: 3}
      propertyPath: m_Materials.Array.data[0]
      value: 
      objectReference: {fileID: 2100000, guid: 0491e1d077b3ca643a27b77d56cc03b3, type: 2}
    m_RemovedComponents: []
    m_RemovedGameObjects: []
    m_AddedGameObjects: []
    m_AddedComponents: []
  m_SourcePrefab: {fileID: 100100000, guid: 34479af8d2d94b4409152dbf18a964ea, type: 3}
--- !u!4 &2604200285291350410 stripped
Transform:
  m_CorrespondingSourceObject: {fileID: 455032, guid: 34479af8d2d94b4409152dbf18a964ea, type: 3}
  m_PrefabInstance: {fileID: 2604200285291542770}
  m_PrefabAsset: {fileID: 0}
--- !u!1001 &6914874589601003138
PrefabInstance:
  m_ObjectHideFlags: 0
  serializedVersion: 2
  m_Modification:
    serializedVersion: 3
    m_TransformParent: {fileID: 7166933438598901982}
    m_Modifications:
    - target: {fileID: 400354, guid: cd244ec18c5216249a6ae8df087ef34d, type: 3}
      propertyPath: m_RootOrder
      value: 4532
      objectReference: {fileID: 0}
    - target: {fileID: 400354, guid: cd244ec18c5216249a6ae8df087ef34d, type: 3}
      propertyPath: m_LocalPosition.x
      value: 558
      objectReference: {fileID: 0}
    - target: {fileID: 400354, guid: cd244ec18c5216249a6ae8df087ef34d, type: 3}
      propertyPath: m_LocalPosition.y
      value: 17.5
      objectReference: {fileID: 0}
    - target: {fileID: 400354, guid: cd244ec18c5216249a6ae8df087ef34d, type: 3}
      propertyPath: m_LocalPosition.z
      value: 184
      objectReference: {fileID: 0}
    - target: {fileID: 400354, guid: cd244ec18c5216249a6ae8df087ef34d, type: 3}
      propertyPath: m_LocalRotation.w
      value: 1
      objectReference: {fileID: 0}
    - target: {fileID: 400354, guid: cd244ec18c5216249a6ae8df087ef34d, type: 3}
      propertyPath: m_LocalRotation.x
      value: 0.000000021855694
      objectReference: {fileID: 0}
    - target: {fileID: 400354, guid: cd244ec18c5216249a6ae8df087ef34d, type: 3}
      propertyPath: m_LocalRotation.y
      value: -0
      objectReference: {fileID: 0}
    - target: {fileID: 400354, guid: cd244ec18c5216249a6ae8df087ef34d, type: 3}
      propertyPath: m_LocalRotation.z
      value: -0
      objectReference: {fileID: 0}
    - target: {fileID: 2360644, guid: cd244ec18c5216249a6ae8df087ef34d, type: 3}
      propertyPath: m_Materials.Array.data[0]
      value: 
      objectReference: {fileID: 2100000, guid: 0491e1d077b3ca643a27b77d56cc03b3, type: 2}
    m_RemovedComponents: []
    m_RemovedGameObjects: []
    m_AddedGameObjects: []
    m_AddedComponents: []
  m_SourcePrefab: {fileID: 100100000, guid: cd244ec18c5216249a6ae8df087ef34d, type: 3}
--- !u!4 &6914874589601131872 stripped
Transform:
  m_CorrespondingSourceObject: {fileID: 400354, guid: cd244ec18c5216249a6ae8df087ef34d, type: 3}
  m_PrefabInstance: {fileID: 6914874589601003138}
  m_PrefabAsset: {fileID: 0}
